 Dungeon Crawl Stone Soup version 0.21-a0-163-g3aa3f5d (webtiles) character file.

1359 Atlas the Martial Artist (level 8, 0/59 HPs)
             Began as a Red Draconian Transmuter on Aug 4, 2017.
             Slain by an orc warrior
             ... wielding a +0 war axe
              (17 damage)
             ... on level 6 of the Dungeon.
             The game lasted 00:14:38 (6958 turns).

Atlas the Martial Artist (Red Draconian Transmuter) Turns: 6958, Time: 00:14:39

Health: 0/59       AC:  7    Str: 12    XL:     8   Next: 37%
Magic:  5/11       EV: 12    Int: 16    God:
Gold:   88         SH:  0    Dex: 12    Spells: 5/11 levels left

rFire    + . .     SeeInvis .     - Unarmed
rCold    . . .     Gourm    .   (no shield)
rNeg     . . .     Faith    .   (armour unavailable)
rPois    .         Spirit   .   (helmet restricted)
rElec    .         Reflect  .   (no cloak)
rCorr    .         Harm     .   w - +0 pair of gloves
MR       .....                  (no boots)
Stlth    +.........             (no amulet)
HPRegen  0.19/turn              u - +3 ring of slaying
MPRegen  0.12/turn              (no ring)

@: short of breath
A: breathe fire, unfitting armour, fire resistance 1, cold-blooded, AC +6
a: Breathe Fire


You were on level 6 of the Dungeon.
You were hungry.

You visited 2 branches of the dungeon, and saw 7 of its levels.
You also visited: Sewer.

You collected 178 gold pieces.
You spent 90 gold pieces at shops.

Inventory:

Missiles
 a - 57 arrows
Armour
 w - a +0 pair of gloves (worn)
Jewellery
 u - a +3 ring of slaying (left hand)
Scrolls
 d - 2 scrolls of amnesia
 f - 2 scrolls of enchant armour
 h - 3 scrolls of teleportation
 l - a scroll of blinking
 m - a scroll of identify
 o - a scroll of remove curse
 p - a scroll of fear {unknown}
 y - a scroll of recharging
Potions
 e - 2 potions of magic
 i - a potion of agility {unknown}
 j - a potion of curing
 k - 3 potions of brilliance
 q - a potion of invisibility
 r - 3 potions of haste
 s - 2 potions of flight
 v - a potion of lignification {unknown}
 z - a potion of mutation {unknown}
Books
 b - a book of Changes

   Spells                             Type                      Level
   a - Beastly Appendage              Transmutation                1
   b - Sticks to Snakes               Transmutation                2
   c - Spider Form                    Transmutation/Poison         3
   d - Ice Form                       Ice/Transmutation            4
   e - Blade Hands                    Transmutation                5
Comestibles
 c - 4 bread rations
 g - 2 meat rations
 n - 4 royal jellies
 t - 2 fruits
 x - 3 chunks of flesh


   Skills:
 - Level 1.1 Fighting
 - Level 1.7 Dodging
 + Level 8.6 Unarmed Combat
 - Level 2.0 Spellcasting
 + Level 6.5 Transmutations
 - Level 1.0 Poison Magic


You had 5 spell levels left.
You knew the following spells:

 Your Spells              Type           Power        Failure   Level  Hunger
a - Beastly Appendage     Tmut           ###...       1%          1    #......
b - Sticks to Snakes      Tmut           ###.....     2%          2    ###....
c - Spider Form           Tmut/Pois      ##........   13%         3    ###....


Dungeon Overview and Level Annotations

Branches:
Dungeon (6/15)             Temple (1/1) D:5

Altars:
Ashenzari
Elyvilon
Fedhas
Gozag
Hepliaklqana
Kikubaaqudgha
Nemelex Xobeh
Qazlal
Ru
Sif Muna
Uskayaw
Vehumet
Wu Jian
Xom
Yredelemnul
Zin
The Shining One

Annotations:
D:4 Pugs23's ghost, amateur BaSk


Innate Abilities, Weirdness & Mutations

You can breathe blasts of fire.
Your fiery red scales are hard. (AC +6)
You cannot fit into any form of body armour.
Your flesh is heat resistant. (rF+)
You are cold-blooded and may be slowed by cold attacks.


Message History

Press: ? - help, Shift-Dir - straight line, f/p - orc warrior
Aim: an orc warrior, wielding a war axe and wearing a runed plate armour (heavily wounded)
You breathe a blast of fire.
The fiery breath hits the orc warrior.
The orc warrior completely resists.
The orc warrior is heavily wounded.
You are feeling hungry.
Your adder completely misses the orc warrior.
The howler monkey misses your adder.
The orc warrior is engulfed in blazing flames.
The orc warrior hits you with a war axe!
* * * LOW HITPOINT WARNING * * *
The orc warrior hits your adder with a war axe!
Your adder dies!
You barely miss the orc warrior.
The orc warrior is heavily wounded.
The howler monkey hoots and howls with incredible vigour!
You feel better.
The orc warrior is engulfed in blazing flames.
The orc warrior hits you with a war axe!
You die...

########## ############
#........# #...........
##........###...........
.......@oh..'...........
.
######.######...........
.. #. ..............#
..o #. ...............#
.... #.................#
.....
#........<........#
......#####
#.................#
##........#
#.................#
.....####.# .....
........#


You could see an orc warrior and a howler monkey.

Vanquished Creatures
  The ghost of charan the Thaumaturge, a novice GrEE (D:5)
  2 centaurs
  A bullfrog (D:3)
  4 scorpions
  A crimson imp (D:3)
  3 orc priests (D:3)
  An iguana (D:4)
  A centaur skeleton (D:5)
  3 orc wizards
  6 worker ants
  9 adders
  4 river rats
  An ooze (D:1)
  A worm (D:4)
  3 dart slugs
  4 leopard geckos
  17 orcs
  5 giant cockroaches
  4 hobgoblins
  4 quokkas
  4 ball pythons
  9 bats
  9 frilled lizards
  6 goblins
  A jackal zombie (D:5)
  4 kobolds
  A leopard gecko zombie (D:6)
  12 rats
121 creatures vanquished.

Vanquished Creatures (collateral kills)
  A giant cockroach (D:4)
  A ball python (D:4)
  A rat (D:4)
3 creatures vanquished.

Vanquished Creatures (others)
  An adder (D:5)
  An orc (D:5)
2 creatures vanquished.

Grand Total: 126 creatures vanquished

Notes
Turn   | Place    | Note
-------+----------+-------------------------------------------
     0 | D:1      | Atlas the Draconian Transmuter began the quest for the Orb.
     0 | D:1      | Reached XP level 1. HP: 16/16 MP: 3/3
   128 | D:1      | Reached XP level 2. HP: 14/23 MP: 3/5
   725 | D:2      | Reached XP level 3. HP: 6/28 MP: 6/6
  1026 | D:2      | Learned a level 2 spell: Sticks to Snakes
  1030 | D:2      | Learned a level 3 spell: Spider Form
  1112 | D:2      | Reached skill level 4 in Unarmed Combat
  1519 | D:2      | Found a hide-covered altar of Uskayaw.
  1649 | D:3      | Found a hazy altar of Hepliaklqana.
  1780 | D:3      | Found a white marble altar of Elyvilon.
  1928 | D:3      | Reached XP level 4. HP: 21/35 MP: 7/7
  1953 | D:3      | Reached skill level 5 in Unarmed Combat
  2152 | D:3      | Reached XP level 5. HP: 38/40 MP: 6/8
  2547 | D:3      | Found Zin's Purification Station.
  2548 | D:3      | Found a glowing silver altar of Zin.
  2569 | D:3      | Bought a potion of curing for 90 gold pieces
  2651 | D:3      | Reached skill level 6 in Unarmed Combat
  2651 | D:3      | Reached XP level 6. HP: 17/47 MP: 7/9
  3125 | D:4      | Found an ornate altar of the Wu Jian Council.
  3185 | D:4      | Noticed Pugs23's ghost (amateur BaSk)
  3408 | D:4      | Found a glowing drain.
  3425 | Sewer    | Entered a sewer
  4498 | D:4      | Reached skill level 7 in Unarmed Combat
  4498 | D:4      | Your scales start taking on a fiery red colour.
  4498 | D:4      | Reached XP level 7. HP: 33/52 MP: 5/10
  4498 | D:4      | Gained mutation: Your flesh is heat resistant. (rF+) [Red Draconian growth]
  4622 | D:5      | Entered Level 5 of the Dungeon
  4770 | D:5      | Noticed charan's ghost (novice GrEE)
  5277 | D:5      | Found an opulent altar of Gozag.
  5316 | D:5      | Found a staircase to the Ecumenical Temple.
  5330 | Temple   | Entered the Ecumenical Temple
  5857 | D:5      | Killed charan's ghost
  5857 | D:5      | Reached skill level 5 in Transmutations
  5995 | D:5      | Reached skill level 1 in Poison Magic
  5995 | D:5      | Reached XP level 8. HP: 47/59 MP: 11/11
  6223 | D:5      | Reached skill level 8 in Unarmed Combat
  6958 | D:6      | Slain by an orc warrior

Vault maps used:
D:1:      eino_arrival_cavern_e
D:2:      lemuel_coloured_pillars_altar
D:3:      zin_purify, overflow_temple_1_default, first_bread, elyvilon_altar_5
D:4:      lemuel_crystal_altar, portal_sewer_entry_b
D:5:      kennysheep_mini_moat, temple_fountains, lemuel_flamethrower_2
D:6:      uniq_blork_the_orc, uniq_edmund
Temple:   minmay_temple_bridge_abc
Sewer:    sewer_co_cracked_pipes

Skill      XL: |  1  2  3  4  5  6  7  8 |
---------------+-------------------------+-----
Unarmed Combat | 4 5 6 7 8 |  8.6
Transmutations | 3 4 5 6 |  6.5
Poison Magic   | 1 |  1.0
Fighting       | |  1.1
Dodging        | |  1.7
Spellcasting   | |  2.0

Action                   |  1- 3 |  4- 6 |  7- 9 || total
-------------------------+-------+-------+-------++-------
Melee: Unarmed           |   144 |   231 |    88 ||   463
       Kick              |     4 |    12 |       ||    16
       Headbutt          |     3 |     8 |     4 ||    15
       Tailslap          |    13 |    20 |    10 ||    43
       Punch             |     1 |     3 |     2 ||     6
 Cast: Beastly Appendage |    23 |    22 |     4 ||    49
       Spider Form       |     1 |     2 |     2 ||     5
       Sticks to Snakes  |       |     4 |    11 ||    15
 Abil: Breathe Fire      |       |       |     7 ||     7
       End Transformatio |       |       |     2 ||     2
  Use: Potion            |     1 |     4 |     3 ||     8
       Scroll            |       |     8 |     6 ||    14
  Eat: Chunk             |     4 |     9 |     8 ||    21
       Royal jelly       |       |       |     1 ||     1
Armor: Skin              |    47 |    61 |    16 ||   124
Dodge: Dodged            |    91 |   141 |    55 ||   287
